 Dungeon Crawl Stone Soup version 0.30-a0-250-g41c1d76940 (webtiles) character file.

Game seed: 17126537805640047632

211 MrElixer the Chopper (level 5, -4/48 HPs)
             Began as a Minotaur Berserker on Oct 12, 2022.
             Was a Believer of Trog.
             Killed by divine providence
             ... invoked by an orc priest
              (12 damage)
             ... on level 4 of the Dungeon.
             The game lasted 00:06:46 (3163 turns).

MrElixer the Chopper (Minotaur Berserker)           Turns: 3163, Time: 00:06:46

Health: -4/48      AC:  3    Str: 21    XL:     5   Next: 57%
Magic:  4/4        EV: 10    Int:  4    God:    Trog [**....]
Gold:   96         SH:  6    Dex: 12    Spells: 4/4 levels left

rFire   . . .      SeeInvis .    a - +0 hand axe
rCold   . . .      Faith    .    o - +0 kite shield
rNeg    . . .      Spirit   .    i - +0 leather armour
rPois   .          Reflect  .    (helmet restricted)
rElec   .          Harm     .    (no cloak)
rCorr   .          Rampage  .    (no gloves)
Will    +++..                    (no boots)
Stlth   +.........               (no amulet)
HPRegen 1.28/turn                c - ring of willpower
MPRegen 0.09/turn                (no ring)

@: strong-willed, regenerating
A: horns 2, retaliatory headbutt
a: Renounce Religion, Berserk, Trog's Hand


You were on level 4 of the Dungeon.
You worshipped Trog.
Trog was pleased with you.
You visited 1 branch of the dungeon, and saw 4 of its levels.

You collected 96 gold pieces.

Inventory:

Hand Weapons
 a - a +0 hand axe (weapon)
Armour
 b - a +0 animal skin
 i - a +0 leather armour (worn)
 o - a +0 kite shield (worn)
Jewellery
 c - a ring of willpower (left hand)
 n - a +6 ring of intelligence
Wands
 k - a wand of iceblast (3)
Scrolls
 e - 9 scrolls of identify
 g - 2 scrolls of teleportation
 h - a scroll of blinking
Potions
 d - 3 potions of heal wounds
 f - 2 potions of curing
 j - a potion of ambrosia {unknown}
 l - a potion of might {unknown}
 m - a potion of flight {unknown}


   Skills:
 + Level 5.2 Fighting
 + Level 5.3 Axes
 + Level 3.2 Armour
 + Level 3.4 Dodging
 + Level 0.5 Stealth


You had 4 spell levels left.
You didn't know any spells.
Your spell library contained the following spells:

 Spells                   Type           Power      Damage    Failure   Level
 Gell's Gravitas          Tloc           0%         N/A       100%        3
 Lesser Beckoning         Tloc           0%         N/A       100%        3
 Teleport Other           Tloc           0%         N/A       100%        3


Dungeon Overview and Level Annotations

Branches:
Dungeon (4/15)
 Temple: D:4-7

Altars:
Ashenzari


Innate Abilities, Weirdness & Mutations

You have a pair of horns on your head.
You reflexively headbutt those who attack you in melee.


Message History

There is a large open translucent door here.
Done exploring.
Done exploring.
There is a large open translucent door here.
There is an open door here.
There is a stone staircase leading down here.
You climb downwards.
You hear the hiss of flowing sand.
There is an entrance to an ossuary on this level.
Hurry and find it before the portal is buried!
The orc priest shouts!
The orc wizard shouts!
The orc shouts!
Found a potion of curing.
There is a stone staircase leading up here.
The orc priest hits you with a +0 whip!
You barely miss the orc wizard. You closely miss the orc priest.
The orc priest barely misses you. The orc wizard barely misses you.
You furiously retaliate!
You headbutt the orc wizard! You hit the orc wizard.
The orc wizard is heavily wounded.
You hit the orc. You hit the orc priest.
The orc priest hits you with a +0 whip. The orc hits you with a +0 flail!
You block the orc wizard's attack.
You hit the orc wizard.
The orc wizard is almost dead.
You hit the orc but do no damage.
You hit the orc priest but do no damage.
The orc priest hits you with a +0 whip.
The orc wizard hits you with a +0 dagger.
The orc hits you with a +0 flail!
* * * LOW HITPOINT WARNING * * *
The orc attacks as you move away! The orc hits you with a +0 flail!
* * * LOW HITPOINT WARNING * * *
The orc priest attacks as you move away!
You block the orc priest's attack.
The orc priest calls upon Beogh to heal the orc.
The orc's wounds heal themselves!
Your skin crawls.
You feel strong-willed.
The orc priest calls down the wrath of Beogh upon you.
Beogh smites you!
You die...

.#..# ...
... ... #.#
#.# #.# #@#
#.# #o#
#...oo......
#.....######
#.....#
#.#...#
#.!...# .
..#.#


You could see an orc priest, an orc wizard and an orc.

Vanquished Creatures
  The ghost of sirJeffrey23 the Digger, an amateur FoEE (D:3)
  5 adders
  2 worms (D:3)
  8 dart slugs
  6 ball pythons
  5 endoplasms
  4 giant cockroaches
  5 goblins
  4 hobgoblins
  8 jackals
  6 kobolds
  4 quokkas
  4 bats
  2 frilled lizards (D:2)
  3 rats
67 creatures vanquished.

Vanquished Creatures (others)
  3 fungi (D:4)
3 creatures vanquished.

Grand Total: 70 creatures vanquished

Notes
Turn   | Place    | Note
-------+----------+-------------------------------------------
     0 | D:1      | MrElixer the Minotaur Berserker began the quest for the
                  | Orb.
     0 | D:1      | Reached XP level 1. HP: 19/19 MP: 0/0
    99 | D:1      | Reached XP level 2. HP: 13/27 MP: 1/1
   474 | D:1      | Reached XP level 3. HP: 30/33 MP: 2/2
   570 | D:1      | You fall into a shaft and drop 1 floor!
   606 | D:2      | Reached ** piety under Trog
  1698 | D:2      | Found a faded altar of an unknown god.
  1714 | D:2      | Reached XP level 4. HP: 41/41 MP: 3/3
  1828 | D:2      | Found a broken altar of Ashenzari.
  2449 | D:3      | Reached skill level 5 in Fighting
  2465 | D:3      | Found a large runed translucent door.
  2466 | D:3      | Found a large runed translucent door.
  2468 | D:3      | Noticed sirJeffrey23's ghost (amateur FoEE)
  2891 | D:3      | Reached XP level 5. HP: 44/48 MP: 4/4
  3064 | D:3      | Killed sirJeffrey23's ghost
  3065 | D:3      | Reached skill level 5 in Axes
  3163 | D:4      | Killed from afar by an orc priest

Illustrated notes

Levels and vault maps discovered:
D:1:      minmay_arrival_arboretum_small, layout_loops_ring,
          chequers_serial_rivers_room_b
D:2:      layout_loops_ring, basic_altar,
          hellmonk_ecumenical_altar_pennies_from_heaven
D:3:      layout_loops_corners, ebering_ghost_disaster_area
D:4:      layout_loops_ring, minitemple, minmay_temple_entry_tees,
          lightli_ossuary_entry_decrepit_ruins, serial_aquarium,
          aquarium_bridge_square [aquarium_subvault_balcony,
          aquarium_subvault_wall, aquarium_subvault_balcony,
          aquarium_subvault_bridge], aquarium_window_corner,
          aquarium_window_corner, aquarium_window_corner, aquarium_view_2b,
          aquarium_balcony_1b, ebering_ghost_sewer_f, nicolae_stop_n_shop_2

Skill      XL: |  1  2  3  4  5 |
---------------+----------------+-----
Fighting       | 4 5 |  5.2
Axes           | 4 5 |  5.3
Dodging        | 3 |  3.4
Armour         | 3 |  3.2
Stealth        | |  0.5

Action                   |  1- 3 |  4- 6 || total
-------------------------+-------+-------++-------
Melee: Hand axe          |    82 |    60 ||   142
       Headbutt          |    11 |     9 ||    20
       Punch             |     2 |     1 ||     3
Invok: Berserk           |     1 |     2 ||     3
       Trog's Hand       |       |     1 ||     1
  Use: Scroll            |     4 |     1 ||     5
       Potion            |     4 |       ||     4
 Stab: Sleeping          |     1 |     1 ||     2
Armor: Animal skin       |    22 |       ||    22
       Leather armour    |     2 |    15 ||    17
Dodge: Dodged            |    76 |    37 ||   113
Block: Kite shield       |       |     4 ||     4

Table legend: (Time is in decaauts)
 A = Elapsed time spent in this place.
 B = Non-inter-level travel time spent in this place.
 C = Inter-level travel time spent in this place.
 D = Time resting spent in this place.
 E = Time spent auto-exploring this place.
 F = Levels seen in this place.
 G = Mean time per level.
                   A        B        C        D        E       F      G
               +--------+--------+--------+--------+--------+-----+--------+
         Total |   3204 |   3165 |     39 |    626 |   1766 |   4 |  801.0 |
       Dungeon |   3204 |   3165 |     39 |    626 |   1766 |   4 |  801.0 |
               +--------+--------+--------+--------+--------+-----+--------+

Top non-repeatable levels by time:
     D:2: 1419 daAuts
     D:3: 1192 daAuts
     D:1: 583 daAuts
     D:4: 8 daAuts
